 Dungeon Sprint DCSS version 0.30-a0-605-gb2882149bf (webtiles) character file.

Game seed: 1467139949796743149

1096 mhtbhm the Grappler (level 8, -9/111 HPs)
             Began as a Troll Transmuter on Jan 7, 2023.
             Was an Initiate of Gozag.
             Mangled by a troll (11 damage)
             ... led by an orc knight
             ... in the Dungeon (Sprint VII: "The Pits").
             The game lasted 00:02:02 (587 turns).

mhtbhm the Grappler (Troll Transmuter)               Turns: 587, Time: 00:02:03

Health: -9/111     AC:  4    Str: 21    XL:     8   Next: 10%
Magic:  12/14      EV: 11    Int:  9    God:    Gozag
Gold:   1233       SH:  0    Dex: 10    Spells: 6/16 levels left

rFire   . . .      SeeInvis .      - Unarmed
rCold   . . .      Faith    .    (no shield)
rNeg    . . .      Spirit   .    a - +0 robe
rPois   .          Reflect  .    (helmet restricted)
rElec   .          Harm     .    (no cloak)
rCorr   .          Rampage  .    (gloves unavailable)
Will    .....      NoTele   +    (boots unavailable) Stlth
                                 (no amulet)
HPRegen 1.18/turn                (no ring)
MPRegen 0.14/turn                (no ring)

@: berserking (expiring), gold aura, hasted, very quick
A: large, unfitting armour, claws 3, regeneration 1, shaggy fur 1, tough skin 1
a: Renounce Religion, Potion Petition, Call Merchant, Bribe Branch


You were in the Dungeon.
You worshipped Gozag.
Gozag was most pleased with you.
You visited 1 branch You collected 1233 gold pieces.

Inventory:

Armour
 a - a +0 robe (worn)
Scrolls
 h - a scroll of blinking
 j - 5 scrolls of amnesia
 k - a scroll of summoning
Potions
 b - a potion of lignification
 c - 5 potions of curing
 f - 4 potions of magic
 g - 2 potions of berserk rage
 i - 2 potions of invisibility


   Skills:
 + Level 2.3 Fighting
 + Level 5.1 Dodging
 + Level 4.1 Stealth
 + Level 12.0 Unarmed Combat
 + Level 4.8 Spellcasting
 + Level 4.8 Transmutations
 + Level 0.6 Poison Magic


You had 6 spell levels left.
You knew the following spells:

 Your Spells              Type           Power      Damage    Failure   Level
a - Beastly Appendage     Tmut           20%        N/A       3%          1
b - Wereblood             Tmut           10%        N/A       4%          2
c - Spider Form           Tmut/Pois      7%         N/A       24%         3
d - Ice Form              Ice/Tmut       6%         N/A       67%         4

Your spell library contained the following spells:

 Spells                   Type           Power      Damage    Failure   Level


Dungeon Overview and Level Annotations

Branches:
Dungeon (1/1)

Altars:
Ashenzari
Cheibriados
Dithmenos
Elyvilon
Fedhas
Gozag
Hepliaklqana
Kikubaaqudgha
Makhleb
Nemelex Xobeh
Okawaru
Qazlal
Ru
Sif Muna
Trog
Uskayaw
Vehumet
Wu Jian
Xom
Yredelemnul
Zin
The Shining One
Jiyva
Lugonu


Innate Abilities, Weirdness & Mutations

You are too large for most types of armour.
You have claws for hands.
Your natural rate of healing is unusually fast.
You are covered in fur. (AC +1)
You have tough skin. (AC +1)


Message History

The orc knight is heavily wounded.
The orc knight hits you but does no damage.
You claw the orc knight!
The orc knight is heavily wounded.
You mangle the orc knight!!
The orc knight is almost dead.
The orc knight hits you with a +0 long sword.
You mangle the orc knight!!
You feel a bit better.
You kill the orc knight!
Your Fighting skill increases to level 2!
Your Dodging skill increases to level 5!
Your Stealth skill increases to level 4!
Your Unarmed Combat skill increases to level 12!
You have reached level 8!
The troll bites you. The troll claws you! The troll barely misses you.
The snapping turtle bites you from afar!!
Things that are here:
54 gold pieces; a +0 long sword; a +0 plate armour You claw the troll!
The troll is lightly wounded.
Your primal bloodlust has ended.
You closely miss the troll.
The troll is lightly wounded.
The troll closely misses you. The troll claws you! The troll claws you.
The snapping turtle bites you from afar!
You closely miss the troll.
The troll is lightly wounded.
The troll bites you! The troll claws you!
* * * LOW HITPOINT WARNING * * *
The troll claws you.
* * * LOW HITPOINT WARNING * * *
You barely miss the troll.
The troll is lightly wounded.
The snapping turtle bites you from afar!!
* * * LOW HITPOINT WARNING * * *
You claw the troll!
The troll is heavily wounded.
The troll closely misses you. x2; The troll claws you!
You die...
Your body crumbles into a pile of gold.

#.#...'.#))##.......#
#.##'####))##.......#
#.#.....#..##.......#
#.#)....#'###...<...#
#.#........##.......#
#.#........##.......#
#'###########.......#
#.......#..##########
#..###..#@## ###
#.......#T# K..#
##.###.##t#oo..#
#.......#oooo..+
#..###..#'#o...#
#.......'.#....#
########### ####


You could see a snapping turtle, a troll, an orc warrior (strong) and an orc
wizard.

Vanquished Creatures
  An orc knight (D)
  A dream sheep (D)
  A floating eye (D)
  A necrophage (D)
  Blork the orc (D)
  A scorpion (D)
  2 wights (D)
  A crimson imp (D)
  A hound (D)
  An iron imp (D)
  An iguana (D)
  A river rat (D)
  An adder zombie (D)
  An orc (D)
  2 jackals (D)
  2 ball pythons (D)
  A ball python skeleton (D)
  A kobold (D)
  2 rats (D)
23 creatures vanquished.

Notes
Turn   | Place    | Note
-------+----------+-------------------------------------------
     0 | D        | mhtbhm the Troll Transmuter began the quest for the Orb.
     0 | D        | Reached XP level 1. HP: 18/18 MP: 1/1
    17 | D        | Found a bloodstained altar of Trog.
    17 | D        | Found a shimmering blue altar of Sif Muna.
    17 | D        | Found a viscous altar of Jiyva.
    17 | D        | Found a hazy altar of Hepliaklqana.
    17 | D        | Found an opulent altar of Gozag.
    18 | D        | Found a glowing golden altar of the Shining One.
    18 | D        | Found a glowing silver altar of Zin.
    18 | D        | Found a basalt altar of Yredelemnul.
    18 | D        | Found a shimmering altar of Xom.
    18 | D        | Found an ornate altar of the Wu Jian Council.
    18 | D        | Found a sacrificial altar of Ru.
    18 | D        | Found a stormy altar of Qazlal.
    18 | D        | Found an iron altar of Okawaru.
    18 | D        | Found a sparkling altar of Nemelex Xobeh.
    18 | D        | Found a burning altar of Makhleb.
    18 | D        | Found a blossoming altar of Fedhas.
    18 | D        | Found a white marble altar of Elyvilon.
    18 | D        | Found a shadowy altar of Dithmenos.
    18 | D        | Found a snail-covered altar of Cheibriados.
    20 | D        | Found a radiant altar of Vehumet.
    20 | D        | Found a corrupted altar of Lugonu.
    21 | D        | Found a hide-covered altar of Uskayaw.
    21 | D        | Found an ancient bone altar of Kikubaaqudgha.
    21 | D        | Found a broken altar of Ashenzari.
    31 | D        | Became a worshipper of Gozag Ym Sagoz the Greedy
    66 | D        | Noticed a scorpion
    77 | D        | Killed a scorpion
    78 | D        | Reached skill level 5 in Unarmed Combat
    78 | D        | Reached XP level 2. HP: 24/26 MP: 1/4
    78 | D        | Reached XP level 3. HP: 29/32 MP: 1/5
   278 | D        | Learned a level 2 spell: Wereblood
   282 | D        | Learned a level 3 spell: Spider Form
   323 | D        | Reached skill level 6 in Unarmed Combat
   327 | D        | Noticed a floating eye
   329 | D        | Reached XP level 4. HP: 40/40 MP: 3/7
   331 | D        | Paralysed by a floating eye for 4 turns
   338 | D        | Killed a floating eye
   339 | D        | Reached skill level 1 in Fighting
   339 | D        | Reached skill level 1 in Stealth
   339 | D        | Reached skill level 7 in Unarmed Combat
   339 | D        | Reached XP level 5. HP: 19/48 MP: 4/8
   345 | D        | Reached skill level 8 in Unarmed Combat
   409 | D        | Learned a level 4 spell: Ice Form
   434 | D        | Reached skill level 9 in Unarmed Combat
   434 | D        | Reached XP level 6. HP: 55/55 MP: 6/10
   487 | D        | Noticed a dream sheep
   489 | D        | Killed a dream sheep
   490 | D        | Reached skill level 10 in Unarmed Combat
   492 | D        | Noticed Blork the orc
   500 | D        | Reached XP level 7. HP: 62/62 MP: 6/12
   511 | D        | Killed Blork the orc
   512 | D        | Reached skill level 11 in Unarmed Combat
   552 | D        | Noticed a snapping turtle
   552 | D        | Noticed an orc knight
   552 | D        | Noticed a troll
   581 | D        | Killed an orc knight
   582 | D        | Reached skill level 5 in Dodging
   582 | D        | Reached skill level 12 in Unarmed Combat
   582 | D        | Reached XP level 8. HP: 74/74 MP: 12/14
   586 | D        | HP: 2/111 [snapping turtle (23)]
   587 | D        | Mangled by a troll

Illustrated notes

Levels and vault maps discovered:
D:        pitsprint [storerooms_1, entrance_room_1, metal_vault_5, armoury_1,
          mini_pit_1, grid_room_1, main_hall_1, silver_pit, the_coven_3,
          the_vestibule_1, steel_vault_2, golden_pit, hallway_of_sentries,
          crystal_vault_1, iron_vault_4, final_vault]

Skill      XL: |  1  2  3  4  5  6  7 |
---------------+----------------------+-----
Dodging        | 2 3 4 5 |  5.1
Unarmed Combat | 5 6 7 9 10 12 | 12.0
Spellcasting   | 2 3 4 |  4.8
Transmutations | 2 3 4 |  4.8
Fighting       | 1 2 |  2.3
Stealth        | 1 2 3 4 |  4.1
Poison Magic   | |  0.6

Action                   |  1- 3 |  4- 6 |  7- 9 || total
-------------------------+-------+-------+-------++-------
Melee: Unarmed           |    14 |    38 |    30 ||    82
       Headbutt          |       |     1 |     3 ||     4
       Kick              |       |     1 |     1 ||     2
       Punch             |       |     2 |       ||     2
 Cast: Wereblood         |     1 |     2 |     1 ||     4
       Beastly Appendage |     1 |     1 |     2 ||     4
       Spider Form       |       |     1 |       ||     1
  Use: Potion            |       |       |     9 ||     9
 Stab: Sleeping          |     3 |     2 |       ||     5
Armor: Robe              |     3 |     6 |     3 ||    12
       Skin              |       |     1 |       ||     1
Dodge: Dodged            |     5 |    16 |    13 ||    34

Table legend: (Time is in decaauts)
 A = Elapsed time spent in this place.
 B = Non-inter-level travel time spent in this place.
 C = Inter-level travel time spent in this place.
 D = Time resting spent in this place.
 E = Time spent auto-exploring this place.
 F = Levels seen in this place.
 G = Mean time per level.
                   A        B        C        D        E       F      G
               +--------+--------+--------+--------+--------+-----+--------+
         Total |    568 |    568 |      0 |    261 |      0 |   1 |  568.0 |
       Dungeon |    568 |    568 |      0 |    261 |      0 |   1 |  568.0 |
               +--------+--------+--------+--------+--------+-----+--------+

Top non-repeatable levels by time:
       D: 568 daAuts
